 Dungeon Crawl Stone Soup version 0.27.0-65-ge2af304b15 (webtiles) character file.

Game seed: 8313655666206818182

2628 Crownlay the Cleaver (level 9, 0/78 HPs)
             Began as a Hill Orc Fighter on Aug 18, 2021.
             Was an Initiate of Cheibriados.
             Slain by Maggie (7 damage)
             ... on level 6 of the Dungeon.
             The game lasted 00:11:40 (7362 turns).

Crownlay the Cleaver (Hill Orc Fighter)             Turns: 7362, Time: 00:11:41

Health: 0/78       AC:  6    Str: 23    XL:     9   Next: 61%
Magic:  6/9        EV: 13    Int:  9    God:    Cheibriados [......]
Gold:   348        SH:  5    Dex: 11    Spells: 8/8 levels left

rFire    . . .     SeeInvis +   a - +0 war axe
rCold    . . .     Faith    .   h - +0 buckler
rNeg     + . .     Spirit   .   D - +0 scale mail of Ipro {*Slow rN+ Will+}
rPois    .         Reflect  .   (no helmet)
rElec    .         Harm     .   p - scarf {shadows}
rCorr    .         Rampage  .   (no gloves)
Will     +....                  (no boots)
Stlth    ..........             (no amulet)
HPRegen  0.23/turn              z - +4 ring of evasion
MPRegen  0.11/turn              A - ring of see invisible

@: mesmerised, very slow
A: no striking features
a: Renounce Religion, Bend Time


You were on level 6 of the Dungeon.
You worshipped Cheibriados.
Cheibriados was noncommittal.
You visited 2 branches of the dungeon, and saw 7 of its levels.

You collected 348 gold pieces.

Inventory:

Hand Weapons
 a - a +0 war axe (weapon)
Missiles
 i - 3 curare-tipped darts (quivered)
 u - a throwing net
 B - 2 atropa-tipped darts
Armour
 c - a +0 kite shield
 h - a +0 buckler (worn)
 p - a scarf of shadows (worn)
 D - the +0 scale mail of Ipro (worn) {*Slow rN+ Will+}
   (You took it off an orc on level 5 of the Dungeon)

   rN:        It protects you from negative energy.
   *Slow:     It may slow you when you take damage.
   Will:      It increases your willpower.
Jewellery
 z - a +4 ring of evasion (left hand)
 A - a ring of see invisible (right hand)
 C - an amulet of the acrobat
Wands
 b - a wand of acid (10)
Scrolls
 e - 2 scrolls of brand weapon {unknown}
 f - 8 scrolls of identify {unknown}
 g - a scroll of fear {unknown}
 l - a scroll of enchant armour {unknown}
 m - a scroll of fog {unknown}
 q - a scroll of enchant weapon {unknown}
 s - a scroll of vulnerability {unknown}
 t - 2 scrolls of teleportation {unknown}
 v - a scroll of holy word {unknown}
 w - a scroll of amnesia {unknown}
 y - a scroll of immolation {unknown}
Potions
 d - 2 potions of might
 j - a potion of magic {unknown}
 k - a potion of resistance {unknown}
 n - a potion of cancellation {unknown}
 o - 4 potions of curing
 r - a potion of haste {unknown}
 x - a potion of heal wounds {unknown}


   Skills:
 * Level 6.9 Fighting
 - Level 14.0 Axes
 - Level 3.2 Armour
 + Level 5.5 Shields


You had 8 spell levels left.
You didn't know any spells.
Your spell library contained the following spells:

 Spells                   Type           Power      Damage    Failure   Level
 Summon Small Mammal      Summ           0%         N/A       69%         1
 Call Canine Familiar     Summ           0%         N/A       96%         3
 Portal Projectile        Hex/Tloc       0%         N/A       96%         3
 Summon Guardian Golem    Hex/Summ       0%         N/A       96%         3
 Blade Hands              Tmut           0%         N/A       100%        5
 Excruciating Wounds      Necr           0%         N/A       100%        5
 Chain Lightning          Conj/Air       0%         N/A       100%        9
 Fire Storm               Conj/Fire      0%         5d1       100%        9


Dungeon Overview and Level Annotations

Branches:
Dungeon (6/15)             Temple (1/1) D:4

Altars:
Ashenzari
Cheibriados
Dithmenos
Elyvilon
Gozag
Hepliaklqana
Kikubaaqudgha
Makhleb
Nemelex Xobeh
Qazlal
Ru
Sif Muna
Trog
Uskayaw
Vehumet
Xom
Yredelemnul
Zin
The Shining One

Shops:
D:5 *

Annotations:
D:6 Maggie


Message History

Maggie attempts to bespell you!
You easily resist.
The flow of time bends around you. Maggie gestures at you while chanting.
The bolt of fire hits you!!
Maggie hits you with a +1 war axe of flaming!
Maggie burns you.
You barely miss Maggie.
Maggie says, "Did Master Lance send you?"
Maggie mumbles some strange words.
Maggie attempts to bespell you! You resist with almost no effort.
You hit Maggie.
Maggie is lightly wounded.
Maggie misses you.
You closely miss Maggie.
Maggie is lightly wounded.
Maggie gestures at you while chanting. The bolt of fire hits you!
* * * LOW HITPOINT WARNING * * *
You slash Maggie!
Maggie is moderately wounded.
Maggie barely misses you.
You completely miss Maggie.
Maggie is moderately wounded.
You barely miss Maggie.
Maggie is moderately wounded.
Maggie hits you with a +1 war axe of flaming.
* * * LOW HITPOINT WARNING * * *
Maggie burns you.
* * * LOW HITPOINT WARNING * * *
You closely miss Maggie.
Maggie is moderately wounded.
Maggie gestures wildly while chanting.
Maggie attempts to bespell you!
You are mesmerised by Maggie!
Okay, then.
Okay, then.
You closely miss Maggie.
Maggie is moderately wounded.
Maggie hits you with a +1 war axe of flaming!
You die...

#.###.###
##.#.## ##.##
#.# #.# ###
###.# #..
..#.# #.#
..#.# #@#
#.#.# #@#
#.#.########
#.#
#..........#
#.#
....######.##
#.# #.###
##...####.#
#.#
#.........#
#.#
##...######
..# ##.## ###
###


You could see Maggie (mesmerising).

Vanquished Creatures
  Pikel (D:6)
  Grinder (D:6)
  Menkaure (D:4)
  A water moccasin (D:6)
  Duvessa (D:4)
  A black bear (D:6)
  An ice beast (D:5)
  3 ogres
  A necrophage (D:4)
  A phantom (D:4)
  2 lemures (D:6)
  Blork the orc (D:6)
  3 bullfrogs
  3 scorpions
  Dowan (D:4)
  A water moccasin skeleton (D:4)
  3 hounds
  2 jellies (D:6)
  A bullfrog zombie (D:6)
  2 centaur skeletons
  An iguana (D:4)
  An orc wizard (D:5)
  A howler monkey zombie (D:5)
  10 adders
  A white imp (D:5)
  3 worms
  5 dart slugs
  17 orcs
  2 endoplasms
  2 giant cockroaches
  6 goblins
  2 hobgoblins (D:3)
  16 jackals
  A quokka (D:3)
  9 ball pythons
  7 bats
  12 kobolds
  4 rats
131 creatures vanquished.

Vanquished Creatures (others)
  5 plants (D:3)
  13 withered plants (D:3)
18 creatures vanquished.

Grand Total: 149 creatures vanquished

Notes
Turn   | Place    | Note
-------+----------+-------------------------------------------
     0 | D:1      | Crownlay the Hill Orc Fighter began the quest for the Orb.
     0 | D:1      | Reached XP level 1. HP: 19/19 MP: 1/1
    47 | D:1      | Reached skill level 3 in Axes
   103 | D:1      | Reached XP level 2. HP: 24/26 MP: 2/2
   219 | D:1      | Reached skill level 4 in Axes
   561 | D:1      | Reached XP level 3. HP: 20/31 MP: 3/3
  1050 | D:2      | Reached XP level 4. HP: 36/39 MP: 4/4
  1098 | D:2      | Reached skill level 5 in Axes
  1539 | D:3      | Noticed an ogre
  1850 | D:3      | Killed an ogre
  1851 | D:3      | Reached skill level 6 in Axes
  1851 | D:3      | Reached XP level 5. HP: 8/45 MP: 5/5
  2107 | D:3      | Reached skill level 7 in Axes
  2538 | D:3      | Found a faded altar of an unknown god.
  2627 | D:4      | Reached XP level 6. HP: 38/51 MP: 6/6
  2724 | D:4      | Reached skill level 8 in Axes
  3210 | D:4      | Noticed a necrophage
  3221 | D:4      | Killed a necrophage
  3222 | D:4      | Reached skill level 9 in Axes
  3243 | D:4      | Noticed Dowan
  3245 | D:4      | Noticed Duvessa
  3262 | D:4      | Killed Duvessa
  3263 | D:4      | Reached XP level 7. HP: 38/57 MP: 7/7
  3266 | D:4      | HP: 1/57 [Dowan/stone arrow (14)]
  3267 | D:4      | Killed Dowan
  3268 | D:4      | Reached skill level 10 in Axes
  3999 | D:4      | Reached skill level 11 in Axes
  4054 | D:4      | Found a staircase to the Ecumenical Temple.
  4060 | Temple   | Entered the Ecumenical Temple
  4202 | D:4      | Noticed Menkaure
  4213 | D:4      | Killed Menkaure
  4214 | D:4      | Reached XP level 8. HP: 17/64 MP: 8/8
  4518 | D:4      | Found a hide-covered altar of Uskayaw.
  4798 | D:5      | Entered Level 5 of the Dungeon
  5002 | D:5      | Found Vaet's Overcharged Wands.
  5087 | D:5      | Found a shadowy altar of Dithmenos.
  5113 | D:5      | Reached skill level 12 in Axes
  5752 | D:5      | Identified the +0 scale mail of Ipro {*Slow rN+ Will+}
  6068 | D:6      | Reached skill level 13 in Axes
  6204 | D:6      | Noticed Blork the orc
  6211 | D:6      | Killed Blork the orc
  6214 | D:6      | Reached XP level 9. HP: 59/70 MP: 9/9
  6296 | D:6      | Reached skill level 14 in Axes
  6359 | D:6      | Noticed Pikel
  6382 | D:6      | Killed Pikel
  6383 | D:6      | Reached skill level 5 in Fighting
  6426 | D:6      | Reached skill level 5 in Shields
  6487 | D:6      | Found a snail-covered altar of Cheibriados.
  6655 | D:6      | Noticed Grinder
  6661 | D:6      | Killed Grinder
  6795 | D:6      | HP: 2/78 [acid (11)]
  7180 | D:6      | Became a worshipper of Cheibriados the Contemplative
  7350 | D:6      | Noticed Maggie
  7362 | D:6      | Slain by Maggie

Illustrated notes

Levels and vault maps discovered:
D:1:      psy_arrival_basics, layout_rooms
D:2:      layout_loops_ring, minmay_misc_feat_five, kennysheep_potato
D:3:      layout_rooms, shapermc_ecumenical_altar_flowoftime
D:4:      layout_basic, marbit_many_paths, minmay_temple_entry_hall,
          serial_rivers, chequers_serial_rivers_room_a,
          chequers_serial_rivers_room_b, chequers_serial_rivers_small_b,
          chequers_serial_rivers_small_a, chequers_serial_rivers_small_b,
          chequers_serial_rivers_micro_d, minmay_misc_feat_chi, uniq_menkaure,
          uniq_duvessa
D:5:      minmay_general_purpose_star, layout_basic,
          mainiacjoe_overflow_tiny_flanked, minmay_misc_feat_pillars,
          nicolae_shop_overcharged_wands
D:6:      layout_loops_ring, cheibriados_altar_1, uniq_maggie, uniq_grinder,
          uniq_pikel, uniq_blork_the_orc
Temple:   lightli_temple_of_artemis

Skill      XL: |  1  2  3  4  5  6  7  8  9 |
---------------+----------------------------+-----
Axes           | 3 4 6 7 9 11 13 14 | 14.0
Shields        | 4 5 |  5.5
Fighting       | 6 |  6.9
Armour         | |  3.2

Action                   |  1- 3 |  4- 6 |  7- 9 || total
-------------------------+-------+-------+-------++-------
Melee: War axe           |    94 |   127 |   233 ||   454
Throw: Dart              |       |     7 |    10 ||    17
Invok: Bend Time         |       |       |     1 ||     1
Evoke: Wand              |       |       |     3 ||     3
  Use: Potion            |       |       |     1 ||     1
Armor: Scale mail        |    70 |    45 |    15 ||   130
       Ring mail         |       |       |    17 ||    17
Dodge: Dodged            |    58 |    44 |    94 ||   196
Block: Buckler           |    11 |    19 |    43 ||    73
